General information
- name: BNet
- type: Ladder team game (AT/RT)
- host: Battle.net
- saver: GayTiMe.WeRRa
map: TurtleRock
- players: 4
- length: 13:31
- speed: Fast
- version: 1.24 W3XP
- replay type: Public
» download(92 KB)
Players
team 1 (loser)
DsC)Me(BNet- (
pink | 106 APM | 1433 actions | 13:30)
4 Archmage
2 Summon Water Elemental
2 Brilliance Aura
2 Mountain King
1 Storm Bolt
1 Thunder Clap
» actions
| Assign group hotkey | 3 | |
| Build / train | 49 | |
| Enter build submenu | 20 | |
| Enter hero's abilities submenu | 6 | |
| Give item / drop item | 3 | |
| Right click | 873 | |
| Select / deselect | 292 | |
| Select group hotkey | 107 | |
| Use ability | 80 | |
1433 total
» units
| Peasant | 8 | |
| Footman | 10 | |
| Sorceress | 3 | |
| Spell Breaker | 2 | |
| Knight | 3 | |
| Rifleman | 2 | |
28 total
» upgrades
| Defend | 1 | |
| Lumber Harvesting | 1 | |
2 total
» buildings
| Altar of Kings | 1 | |
| Barracks | 1 | |
| Farm | 10 | |
| Scout Tower | 1 | |
| Arcane Tower | 1 | |
| Lumber Mill | 1 | |
| Keep | 2 | |
| Arcane Vault | 1 | |
| Arcane Sanctum | 1 | |
| Blacksmith | 1 | |
| Castle | 1 | |
21 total
» build order
00:13 Altar of Kings
00:18 Barracks
00:23 Farm
00:54 Farm
01:42 Scout Tower
02:20 Arcane Tower
02:26 Farm
02:56 Lumber Mill
03:43 Keep
03:44 Keep
03:59 Farm
04:15 Arcane Vault
04:41 Farm
06:45 Arcane Sanctum
07:12 Farm
07:16 Farm
07:47 Blacksmith
07:52 Farm
08:30 Castle
10:11 Farm
10:13 Farm
» items
| Scroll of Regeneration | 2 | |
| Lesser Clarity Potion | 2 | |
| Potion of Healing | 1 | |
| Potion of Mana | 1 | |
6 total
SCRAPBOOK (
blue | 117 APM | 1489 actions | 12:42)
3 Death Knight
2 Death Coil
1 Unholy Aura
1 Lich
1 Frost Nova
» actions
| Assign group hotkey | 9 | |
| Build / train | 49 | |
| ESC pressed | 4 | |
| Enter build submenu | 12 | |
| Enter hero's abilities submenu | 4 | |
| Right click | 990 | |
| Select / deselect | 170 | |
| Select group hotkey | 184 | |
| Use ability | 67 | |
1489 total
» units
| Acolyte | 2 | |
| Ghoul | 3 | |
| Crypt Fiend | 10 | |
| Frost Wyrm | 2 | |
17 total
» upgrades
| Creature Attack | 2 | |
| Burrow | 1 | |
| Web | 1 | |
4 total
» buildings
| Crypt | 1 | |
| Graveyard | 1 | |
| Altar of Darkness | 1 | |
| Ziggurat | 4 | |
| Tomb of Relics | 1 | |
| Halls of the Dead | 4 | |
| Black Citadel | 1 | |
| Sacrificial Pit | 1 | |
| Boneyard | 1 | |
15 total
» build order
00:11 Crypt
00:14 Graveyard
00:46 Altar of Darkness
01:00 Ziggurat
01:27 Tomb of Relics
02:15 Ziggurat
03:59 Halls of the Dead
03:59 Halls of the Dead
04:35 Ziggurat
06:28 Ziggurat
06:55 Black Citadel
08:24 Sacrificial Pit
09:28 Boneyard
» items
| Rod of Necromancy | 6 | |
| Scroll of Town Portal | 1 | |
| Orb of Corruption | 1 | |
8 total
team 2 (winner)

»
CoLeGePaRtYeR17 (
purple | 96 APM | 1295 actions | 13:31)
4 Death Knight
2 Death Coil
2 Unholy Aura
3 Lich
2 Frost Nova
1 Frost Armor
» actions
| Assign group hotkey | 20 | |
| Basic commands | 42 | |
| Build / train | 43 | |
| Enter build submenu | 10 | |
| Enter hero's abilities submenu | 7 | |
| Right click | 731 | |
| Select / deselect | 257 | |
| Select group hotkey | 126 | |
| Use ability | 59 | |
1295 total
» units
| Acolyte | 2 | |
| Ghoul | 2 | |
| Crypt Fiend | 12 | |
| Obsidian Statue | 5 | |
| Gargoyle | 1 | |
22 total
» upgrades
| Creature Attack | 3 | |
| Burrow | 1 | |
| Destroyer Form | 1 | |
| Web | 1 | |
6 total
» buildings
| Ziggurat | 5 | |
| Graveyard | 1 | |
| Crypt | 1 | |
| Altar of Darkness | 1 | |
| Tomb of Relics | 1 | |
| Nerubian Tower | 2 | |
| Halls of the Dead | 1 | |
| Black Citadel | 1 | |
| Slaughterhouse | 1 | |
14 total
» build order
00:07 Ziggurat
00:19 Graveyard
00:38 Crypt
00:57 Altar of Darkness
01:11 Tomb of Relics
01:23 Nerubian Tower
01:24 Nerubian Tower
01:59 Ziggurat
03:37 Ziggurat
04:34 Halls of the Dead
05:40 Ziggurat
07:00 Black Citadel
07:37 Slaughterhouse
10:08 Ziggurat
» items
| Rod of Necromancy | 1 | |
| Potion of Healing | 1 | |
2 total
GayTiMe.WeRRa (
orange | 123 APM | 1665 actions | 13:31)
4 Tauren Chieftain
2 War Stomp
2 Endurance Aura
3 Shadow Hunter
2 Hex
1 Healing Wave
» actions
| Assign group hotkey | 18 | |
| Basic commands | 115 | |
| Build / train | 49 | |
| Enter build submenu | 9 | |
| Enter hero's abilities submenu | 8 | |
| Right click | 727 | |
| Select / deselect | 419 | |
| Select group hotkey | 273 | |
| Use ability | 47 | |
1665 total
» units
| Peon | 6 | |
| Troll Headhunter/Berserker | 19 | |
25 total
» upgrades
| Ranged Weapons | 2 | |
| Armor | 1 | |
| Berserker Upgrade | 1 | |
4 total
» buildings
| Altar of Storms | 1 | |
| Orc Burrow | 5 | |
| War Mill | 1 | |
| Barracks | 1 | |
| Voodoo Lounge | 1 | |
| Stronghold | 1 | |
| Fortress | 1 | |
11 total
» build order
00:03 Altar of Storms
00:06 Orc Burrow
00:26 War Mill
01:10 Barracks
01:52 Orc Burrow
02:25 Voodoo Lounge
04:18 Stronghold
04:39 Orc Burrow
05:41 Orc Burrow
08:46 Fortress
09:38 Orc Burrow
» items
| Healing Salve | 3 | |
| Lesser Clarity Potion | 2 | |
| Scroll of Town Portal | 2 | |
| Potion of Healing | 2 | |
9 total
Chat log
(00:04 / All) GayTiMe.WeRRa: D
(00:04 / All) CoLeGePaRtYeR17: d
(00:04 / All) SCRAPBOOK: manner?
(00:22 / All) GayTiMe.WeRRa: stfu tryhard
(00:25 / All) DsC)Me(BNet-: haha
(00:29 / All) DsC)Me(BNet-: get to rape some bm nerds
(00:31 / All) GayTiMe.WeRRa: prolly crash hack too
(00:33 / All) DsC)Me(BNet-: nice ^^
(00:40 / All) GayTiMe.WeRRa: bm nerds like that made sense
(00:41 / All) SCRAPBOOK: where is manner
(00:52 / All) SCRAPBOOK: gg gl~
(00:54 / All) GayTiMe.WeRRa: u dumb kid?
(00:55 / All) GayTiMe.WeRRa: ~~
(00:58 / All) DsC)Me(BNet-: badmannered nerds?!
(00:58 / All) DsC)Me(BNet-: lol
(01:00 / All) DsC)Me(BNet-: comon kid
(01:13 / All) GayTiMe.WeRRa: ur a buzzkill
(01:15 / All) GayTiMe.WeRRa: Im drunk
(01:21 / All) GayTiMe.WeRRa: Playan wc3 at a party
(01:25 / All) GayTiMe.WeRRa: everyone watching me rape u
(01:34 / All) CoLeGePaRtYeR17: me 2
(01:39 / All) GayTiMe.WeRRa: dont get embarass3d
(01:56 / All) GayTiMe.WeRRa: cuz u kno u bad ~~
(02:04 / All) DsC)Me(BNet-: nice base
(02:04 / All) DsC)Me(BNet-: rofl
(02:45 / All) GayTiMe.WeRRa: nice hack
(02:50 / All) GayTiMe.WeRRa: ~~
(05:18 / All) GayTiMe.WeRRa: turn around
(09:14 / All) SCRAPBOOK: dig the gfg
(09:16 / All) SCRAPBOOK: ff
(09:17 / All) SCRAPBOOK: like it?
(09:25 / All) SCRAPBOOK: didnt htink so
(09:27 / All) DsC)Me(BNet-: |i can hero ff to
(09:28 / All) DsC)Me(BNet-: lol noobs
(09:56 / All) GayTiMe.WeRRa: Cant hear u overt he roar of the crowd
(10:01 / All) DsC)Me(BNet-: LOL
(10:12 / All) SCRAPBOOK: you really are gay
(11:00 / All) GayTiMe.WeRRa: Nice hack
(11:01 / All) GayTiMe.WeRRa: lol
(11:05 / All) SCRAPBOOK: orb@ shop
(11:06 / All) SCRAPBOOK: ty
(11:19 / All) SCRAPBOOK: but you
(11:19 / All) SCRAPBOOK: yes
(11:20 / All) GayTiMe.WeRRa: good fiend
(12:30 / All) SCRAPBOOK: hacking trash with badmanners ^
(12:36 / All) SCRAPBOOK: get off the heros
(12:41 / All) SCRAPBOOK: fucking trash
(12:51 / All) GayTiMe.WeRRa: calm down
(12:52 / All) GayTiMe.WeRRa: baddie
(13:27 / All) DsC)Me(BNet-: u kids seriously need to manner up
(13:30 / All) GayTiMe.WeRRa: bad
(13:30 / All) DsC)Me(BNet-: this is wc not rl